 Dungeon Crawl Stone Soup version 0.31.0-9-g3a7656b989 (webtiles) character file.

Game seed: 16588864526914294179

332 konni the Trooper (level 6, -5/56 HPs)
             Began as a Minotaur Fighter on Feb 4, 2024.
             Slain by an ogre
             ... wielding the +8 great mace "Waez" {freeze, rN+ Will- Int+5}
              (24 damage)
             ... on level 3 of the Dungeon.
             The game lasted 00:05:49 (1962 turns).

konni the Trooper (Minotaur Fighter)                Turns: 1962, Time: 00:05:50

Health: -5/56      AC:  9    Str: 23    XL:     6   Next: 26%
Magic:  5/5        EV:  9    Int:  5    God:
Gold:   58         SH:  4    Dex:  9    Spells: 5/5 levels left

rFire   . . .        b - +3 dagger
rCold   . . .        c - +0 buckler
rNeg    . . .        k - +2 scale mail {rPois}
rPois   +            (helmet restricted)
rElec   .            (no cloak)
rCorr   +            (no gloves)
SInv    .            (no boots)
Will    .....        (no amulet) Stlth
                     g - ring of resist corrosion
HPRegen 0.29/turn    (no ring)
MPRegen 0.09/turn

%: no passive effects
@: mighty, lethally poisoned (-5 -> -17)
A: horns 2, retaliatory headbutt
a: no special abilities


You were on level 3 of the Dungeon.
You visited 1 branch of the dungeon, and saw 3 of its levels.

You collected 58 gold pieces.

Inventory:

Hand Weapons
 a - a +0 long sword
 b - a +3 dagger (weapon)
Armour
 c - a +0 buckler (worn)
 k - a +2 scale mail of poison resistance (worn)
Jewellery
 g - a ring of resist corrosion (left hand)
Scrolls
 f - a scroll of identify {unknown}
Potions
 e - a potion of lignification {unknown}
 i - a potion of heal wounds {unknown}
 j - 2 potions of ambrosia {unknown}
 l - a potion of cancellation {unknown}
 m - a potion of curing {unknown}
 n - a potion of enlightenment {unknown}


   Skills:
 + Level 5.3 Fighting
 + Level 1.1(2.6) Short Blades
 - Level 4.1(4.2) Long Blades
 + Level 5.3 Armour
 + Level 5.2 Shields


You had 5 spell levels left.
You didn't know any spells.
Your spell library contained the following spells:

 Spells                   Type           Power      Damage    Failure   Level
 Ensorcelled Hibernation  Hex/Ice        0%         N/A       92%         2
 Passwall                 Erth           0%         N/A       99%         3
 Swiftness                Air            0%         N/A       99%         3


Dungeon Overview and Level Annotations

Branches:
Dungeon (3/15)

Altars:

Annotations:
D:3 1 transporter, kalagan's ghost, amateur DECj


Innate Abilities, Weirdness & Mutations

You have a pair of horns on your head.
You reflexively headbutt those who attack you in melee.


Message History

There is a transporter here.
You enter the transporter and appear at another place.
Kalagan's ghost points at you and mumbles some strange words.
The magic dart hits you.
You feel very mighty all of a sudden.
You puncture the ogre!
The ogre is moderately wounded.
The ogre barely misses you.
You barely miss the ogre. Your headbutt misses the ogre.
The ogre is moderately wounded.
Kalagan's ghost closely misses you. The ogre closely misses you.
You puncture the ogre!
The ogre is almost dead.
Kalagan's ghost hits you but does no damage.
You are poisoned.
You barely miss the ogre. You headbutt the ogre.
You kill the ogre!
You feel sick. Kalagan's ghost barely misses you.
Your base Short Blades skill increases to level 1!
You have reached level 6!
You barely miss the ogre. You headbutt the ogre.
The ogre is lightly wounded.
You feel sick.
The ogre hits you with the +8 great mace "Waez" {freeze, rN+ Will- Int+5}!
The ogre freezes you. Kalagan's ghost hits you.
You completely miss the ogre.
The ogre is lightly wounded.
You feel sick.
Kalagan's ghost gestures at you while chanting.
The magic dart hits you but does no damage.
You block the ogre's attack.
You hit the ogre.
The ogre is moderately wounded.
You feel sick. Kalagan's ghost hits you.
You are more poisoned.
You puncture the ogre! You headbutt the ogre!
The ogre is almost dead.
You feel very sick.
The ogre hits you with the +8 great mace "Waez" {freeze, rN+ Will- Int+5}!!
You die...

########..# #......#..#
.# #.#..#.#..#..#
#..##..#..#..# #
#..##..#..#.[#.#
#.#..#.#©.......
#©@O..$#.....# ##
#.#W.#$#©.# .#
#..##..#..# .#
#..##..#..# .#
#####.#..#.#..#
.##########...#.....©#..#
.#.....>......########..#
.#..............##......#
.................'......#


You could see an ogre and kalagan's ghost.

Vanquished Creatures
  An ogre (D:3)
  Jessica (D:2)
  Terence (D:2)
  Natasha (thrice) (D:2)
  Robin (D:2)
  5 adders
  5 dart slugs
  5 ball pythons
  4 bats
  3 endoplasms
  8 hobgoblins
  12 jackals
  3 kobolds (D:1)
  3 quokkas
  2 frilled lizards (D:1)
  4 goblins
  A rat (D:1)
62 creatures vanquished.

Notes
Turn   | Place    | Note
-------+----------+-------------------------------------------
     0 | D:1      | konni the Minotaur Fighter began the quest for the Orb.
     0 | D:1      | Reached XP level 1. HP: 19/19 MP: 0/0
   200 | D:1      | Reached XP level 2. HP: 27/27 MP: 1/1
   553 | D:2      | Reached XP level 3. HP: 33/33 MP: 2/2
   594 | D:2      | Noticed Robin
   608 | D:2      | Killed Robin
   834 | D:2      | Noticed Terence
   849 | D:2      | Killed Terence
   850 | D:2      | Reached XP level 4. HP: 13/41 MP: 3/3
  1085 | D:2      | Noticed Natasha
  1095 | D:2      | Killed Natasha
  1106 | D:2      | Reached XP level 5. HP: 39/47 MP: 4/4
  1239 | D:2      | Noticed Natasha
  1260 | D:2      | Killed Natasha
  1388 | D:2      | Noticed Jessica
  1397 | D:2      | Killed Jessica
  1471 | D:2      | Reached skill level 5 in Fighting
  1729 | D:2      | Noticed Natasha
  1741 | D:2      | Killed Natasha
  1742 | D:2      | Reached skill level 5 in Armour
  1742 | D:2      | Reached skill level 5 in Shields
  1940 | D:3      | Found a transporter.
  1941 | D:3      | Found a transporter.
  1945 | D:3      | Noticed kalagan's ghost (amateur DECj)
  1945 | D:3      | Noticed an ogre
  1946 | D:3      | Identified the +8 great mace "Waez" {freeze, rN+ Will-
                  | Int+5}
  1946 | D:3      | Noticed an ogre
  1958 | D:3      | Killed an ogre
  1959 | D:3      | Reached skill level 1 in Short Blades
  1959 | D:3      | Reached XP level 6. HP: 48/56 MP: 5/5
  1962 | D:3      | Slain by an ogre

Illustrated notes

Levels and vault maps discovered:
D:1:      zaba_arrival_water, layout_rooms
D:2:      layout_loops_corners, uniq_natasha, uniq_terence, uniq_jessica,
          uniq_robin
D:3:      layout_basic, gammafunk_ghost_smash, uniq_pargi

Skill      XL: |  1  2  3  4  5 |
---------------+----------------+-----
Armour         | 4 5 |  5.3
Fighting       | 4 5 |  5.3
Shields        | 4 5 |  5.2
Long Blades    | 3 4 |  4.1
Short Blades   | 1 |  1.1

Action                     |  1- 3 |  4- 6 || total
---------------------------+-------+-------++-------
  Melee: Long sword        |    99 |     4 ||   103
         Headbutt          |     9 |    18 ||    27
         Dagger            |       |   123 ||   123
    Use: Scroll            |     3 |     2 ||     5
         Potion            |       |     1 ||     1
 Armour: Scale mail        |    84 |    85 ||   169
  Dodge: Dodged            |    39 |    39 ||    78
  Block: Buckler           |    24 |    29 ||    53
